 Dungeon Crawl Stone Soup version 0.24.0-13-gcf9b319 (webtiles) character file.

Game seed: 3172246595979143824, levelgen mode: deterministic

222 stigmas the Ruffian (level 5, -11/48 HPs)
             Began as a Troll Transmuter on Nov 18, 2019.
             Splashed by Ijyb's acid (14 damage)
             ... on level 3 of the Dungeon.
             The game lasted 00:04:35 (2187 turns).

stigmas the Ruffian (Troll Transmuter)              Turns: 2187, Time: 00:04:35

Health: -11/48     AC:  2    Str: 18    XL:     5   Next: 66%
Magic:  6/6        EV: 10    Int: 10    God:
Gold:   95         SH:  0    Dex: 10    Spells: 6/7 levels left

rFire    + . .     SeeInvis .     - Unarmed
rCold    . . .     Gourm    +   (no shield)
rNeg     . . .     Faith    .   b - +0 robe
rPois    .         Spirit   .   (helmet restricted)
rElec    .         Reflect  .   (no cloak)
rCorr    .         Harm     .   (gloves unavailable)
MR       .....                  (boots unavailable)
Stlth    +.........             l - amulet of magic regeneration
HPRegen  0.56/turn              k - ring of protection from fire
MPRegen  0.35/turn              (no ring)

@: corroded
A: large, unfitting armour, claws 3, fast metabolism 3, gourmand, regeneration
1, shaggy fur 1, tough skin 3
a: no special abilities


You were on level 3 of the Dungeon.
You were completely stuffed.

You visited 1 branch of the dungeon, and saw 3 of its levels.

You collected 95 gold pieces.

Inventory:

Missiles
 a - 67 arrows
Armour
 b - a +0 robe (worn)
Jewellery
 k - a ring of protection from fire (left claw)
 l - an amulet of magic regeneration (around neck)
Scrolls
 c - 3 scrolls of teleportation {unknown}
 e - a scroll of enchant armour {unknown}
 f - a scroll of fear {unknown}
 g - 2 scrolls of amnesia {unknown}
 j - a scroll of identify {unknown}
 m - a scroll of remove curse {unknown}
Potions
 h - a potion of ambrosia {unknown}
Comestibles
 d - 4 rations
 i - 3 chunks of flesh


   Skills:
 * Level 1.4 Fighting
 + Level 2.1 Dodging
 * Level 5.3 Unarmed Combat
 * Level 1.6 Spellcasting
 * Level 2.0 Transmutations


You had 6 spell levels left.
You knew the following spells:

 Your Spells              Type           Power        Failure   Level  Hunger
a - Beastly Appendage     Tmut           #.....       14%         1    ##.....

Your spell library contained the following spells:

 Spells                   Type           Power        Failure   Level  Hunger
 Sticks to Snakes         Tmut           #.......     22%         2    ###....
 Spider Form              Tmut/Pois      #.........   54%         3    ####...
 Ice Form                 Ice/Tmut       #.......     91%         4    #####..
 Blade Hands              Tmut           #.........   98%         5    ######.


Dungeon Overview and Level Annotations

Branches:
Dungeon (3/15)

Altars:
Cheibriados
Dithmenos
Kikubaaqudgha
The Shining One

Annotations:
D:3 Ijyb


Innate Abilities, Weirdness & Mutations

You are too large for most types of armour.
You have claws for hands.
Your metabolism is lightning-fast.
You like to eat raw meat.
Your natural rate of healing is unusually fast.
You are covered in fur. (AC +1)
You have extremely tough skin. (AC +3)


Message History

Eating one of 4 chunks of flesh.
You eat one of the 4 chunks of flesh.
This raw flesh tastes great.
Ijyb the Twisted Goblin comes into view.
She is wielding a +0 club and carrying a wand of acid (3).
Ijyb shouts!
Ijyb hits you but does no damage.
You scratch Ijyb.
Ijyb is moderately wounded.
You scratch Ijyb but do no damage. You claw Ijyb.
Ijyb is heavily wounded.
Ijyb misses you.
You scratch Ijyb.
Ijyb is heavily wounded.
Ijyb zaps a wand.
The bolt of acid hits you! The acid corrodes you!
You are splashed with acid!
You claw Ijyb!
Ijyb is almost dead.
Ijyb zaps a wand.
The bolt of acid hits you!!
* * * LOW HITPOINT WARNING * * *
You are splashed with acid!
You die...

.###.##.###########
..................#
####.############.#
##'## #.# ##...## #.#
##.....## ## #.#
#.......## ##.##.#
.........####...#.#
.........+.....g@.#
.........####...###
#.......## ##..
##.....## #########
##...## #.†.#...#
##'######.##.##.###
#.###..##.##.##._#
####.#.#.#.##.##.####
..##.....##..###..#


You could see Ijyb.

Vanquished Creatures
  An orc wizard (D:3)
  Jessica (D:2)
  10 adders
  A dart slug (D:3)
  2 leopard geckos
  5 orcs
  2 ball pythons (D:2)
  8 bats
  3 giant cockroaches
  7 goblins
  13 hobgoblins
  4 kobolds
  2 quokkas
  4 frilled lizards
  7 rats
70 creatures vanquished.

Notes
Turn   | Place    | Note
-------+----------+-------------------------------------------
     0 | D:1      | stigmas the Troll Transmuter began the quest for the Orb.
     0 | D:1      | Reached XP level 1. HP: 18/18 MP: 1/1
   266 | D:1      | Reached XP level 2. HP: 26/26 MP: 2/2
   652 | D:2      | Reached XP level 3. HP: 20/32 MP: 4/4
   765 | D:2      | Reached skill level 1 in Fighting
  1044 | D:2      | Reached skill level 4 in Unarmed Combat
  1091 | D:2      | Found a shadowy altar of Dithmenos.
  1113 | D:2      | Noticed Jessica
  1130 | D:2      | Reached XP level 4. HP: 18/41 MP: 5/5
  1601 | D:2      | Killed Jessica
  1601 | D:2      | Reached XP level 5. HP: 48/48 MP: 6/6
  1807 | D:3      | Found a glowing golden altar of the Shining One.
  1853 | D:3      | Reached skill level 5 in Unarmed Combat
  2056 | D:3      | Found a snail-covered altar of Cheibriados.
  2081 | D:3      | Found an ancient bone altar of Kikubaaqudgha.
  2182 | D:3      | Noticed Ijyb
  2187 | D:3      | Splashed by Ijyb's acid

Levels and vault maps discovered:
D:1:      psy_arrival_dodecagon, layout_basic
D:2:      layout_basic, lemuel_round_altar, minmay_circle_x, uniq_jessica
D:3:      layout_loops_corners, nicolae_overflow_hidden_temple,
          marbit_many_paths, tso_oasis_becter, okawaru_gym_becter, uniq_terence,
          uniq_ijyb, uniq_natasha

Skill      XL: |  1  2  3  4  5 |
---------------+----------------+-----
Fighting       | 1 |  1.4
Unarmed Combat | 4 5 |  5.3
Dodging        | 2 |  2.1
Transmutations | 2 |  2.0
Spellcasting   | |  1.6

Action                   |  1- 3 |  4- 6 || total
-------------------------+-------+-------++-------
Melee: Unarmed           |    90 |   101 ||   191
       Punch             |     1 |     4 ||     5
       Kick              |       |     1 ||     1
 Cast: Beastly Appendage |       |     1 ||     1
 Stab: Sleeping          |     1 |     1 ||     2
  Eat: Chunk             |     8 |    18 ||    26
Armor: Robe              |    44 |    34 ||    78
Dodge: Dodged            |    54 |    45 ||    99
